Map: King's Cove LE

Players

soul

  • Race: Terran Terran
  • League: Grandmaster
  • Spawn Location: 11:00

GOReynor (Reynor) - Winner!

  • Race: Zerg Zerg
  • League: Master
  • Spawn Location: 5:00

Event: 2019 Assembly Summer

VOD

Have the link to the VOD?

Description

Time

  • Played on: Aug. 1, 2019, 5:44 a.m.
  • Length: 18:28

All games in this series

Show
View Real Time Build Order
Export as new Build Order

soul Terran 

Build Orders: Gas First Reaper Expand, Liberator Opening 

Get SALT Encoding   

  12  0:00  SCV  
  13  0:12  SCV  
  14  0:17  Supply Depot  
  14  0:25  SCV  
  15  0:29  Refinery  
  15  0:39  SCV  
  16  0:46  Barracks  
  16  0:52  SCV  
  17  1:04  SCV  
  18  1:16  SCV  
  19  1:32  Orbital Command  
  19  1:33  Reaper  
  20  1:46  Command Center  
  20  1:57  Factory  
  20  2:02  SCV  
  20  2:07  Barracks Reactor  
  21  2:14  Supply Depot  
  21  2:16  SCV  
  21  2:22  Refinery  
  22  2:28  SCV  
  23  2:40  SCV  
  24  2:46  Starport  
  24  2:51  Hellion x2  
  29  2:59  Orbital Command  
  29  3:03  Supply Depot  
  29  3:04  SCV  
  29  3:12  Hellion  
  31  3:17  Hellion  
  31  3:18  Liberator  
  32  3:22  SCV  
  32  3:25  SCV  
  33  3:34  SCV  
  34  3:37  SCV  
  34  3:40  Barracks Tech Lab  
  37  3:45  Supply Depot  
  37  3:46  SCV  
  38  3:49  SCV  
  38  3:53  Hellion  
  38  3:55  Hellion  
  43  3:58  SCV  
  43  4:01  Stimpack, SCV  
  45  4:03  Marine  
  46  4:10  SCV  
  46  4:13  Supply Depot  
  46  4:14  SCV  
  48  4:22  Hellion, SCV  
  48  4:23  Hellion  
  53  4:26  SCV  
  53  4:30  Starport Reactor  
  54  4:34  Marine, SCV  
  54  4:38  SCV  
  57  4:39  Supply Depot  
  57  4:46  SCV  
  57  4:50  SCV  
  59  4:53  Command Center  
  59  4:54  Marine  
  59  4:59  SCV  
  61  5:02  SCV  
  61  5:03  Factory Tech Lab  
  62  5:11  SCV  
  62  5:12  Marine  
  60  5:14  SCV  
  60  5:17  Starport Reactor  
  61  5:23  SCV  
  61  5:24  Bunker  
  61  5:25  Siege Tank  
  61  5:26  Barracks, SCV  
  63  5:30  Marine  
  63  5:35  SCV  
  62  5:38  Liberator, SCV  
  63  5:45  Command Center  
  63  5:47  SCV  
  63  5:48  Marine  
  65  5:50  Bunker  
  68  6:04  Combat Shield, Command Center, SCV  
  68  6:06  Marine  
  70  6:19  Supply Depot, SCV  
  70  6:21  Marine x2  
  70  6:24  Marine  
  74  6:28  SCV  
  74  6:29  Siege Tank  
  78  6:37  SCV  
  78  6:38  Barracks  
  78  6:39  Marine  
  78  6:41  Marine x2, SCV  
  78  6:45  Supply Depot  
  81  6:49  SCV  
  82  6:54  Starport Reactor  
  82  6:57  Marine  
  82  6:58  Marine  
  82  6:59  Marine  
  82  7:00  SCV  
  82  7:01  Siege Tank  
  80  7:05  SCV  
  79  7:15  Marine, SCV  
  75  7:16  Marine  
  75  7:17  Marine  
  75  7:21  SCV  
  71  7:24  Marine  
  71  7:26  Marine  
  72  7:30  Refinery, Command Center  
  72  7:31  Refinery, SCV  
  72  7:33  Siege Tank, Marine, Refinery  
  72  7:34  Marine, SCV  
  72  7:35  Marine  
  80  7:43  SCV  
  82  7:48  SCV  
  82  7:51  Marine  
  85  7:52  Marine  
  85  7:53  Marine  
  85  7:56  SCV  
  86  8:00  SCV  
  87  8:07  Medivac x2  
  87  8:08  Marine x2  
  87  8:10  Marine x2, SCV  
  96  8:18  Command Center  
  97  8:20  SCV  
  97  8:21  Engineering Bay  
  97  8:22  SCV  
  97  8:23  Engineering Bay  
  97  8:26  Marine x2  
  100  8:28  Marine  
  100  8:29  Marine  
  100  8:32  SCV  
  102  8:37  Supply Depot  
  102  8:41  Medivac, SCV  
  102  8:44  Marine, SCV  
  108  8:52  Terran Infantry Weapons Level 1  
  108  8:53  SCV  
  108  8:54  Terran Infantry Armor Level 1  
  108  8:55  Barracks Reactor  
  108  8:56  SCV  
  109  9:03  Marine  
  109  9:04  Marine  
  109  9:06  SCV  
  109  9:08  SCV  
  113  9:11  Marine  
  114  9:18  Barracks, SCV  
  114  9:19  Barracks  
  114  9:20  Armory, SCV  
  114  9:22  Supply Depot  
  116  9:30  SCV  
  116  9:31  Marine  
  117  9:32  SCV  
  117  9:37  Marine  
  118  9:39  Marine  
  118  9:42  SCV  
  118  9:44  SCV  
  111  9:47  Marine  
  111  9:48  Supply Depot, Marine  
  110  9:54  SCV  
  110  9:55  Orbital Command  
  110  9:56  SCV  
  110  9:57  Marine x3  
  110  9:59  Factory  
  110  10:01  Medivac  
  110  10:06  SCV  
  113  10:07  Planetary Fortress  
  113  10:08  SCV  
  114  10:16  Refinery  
  114  10:17  Widow Mine  
  114  10:18  Refinery, SCV  
  114  10:21  SCV  
  117  10:23  Marine, Medivac  
  117  10:26  Barracks Tech Lab x2  
  117  10:28  Barracks Reactor x2  
  120  10:30  SCV x2  
  120  10:31  Medivac  
  120  10:32  Sensor Tower  
  120  10:33  SCV  
  125  10:40  Drilling Claws  
  125  10:41  Widow Mine  
  125  10:42  SCV x2  
  129  10:44  Factory Reactor, Supply Depot  
  129  10:45  SCV  
  129  10:47  Supply Depot  
  130  10:53  Medivac  
  132  10:59  SCV  
  132  11:00  Barracks, SCV  
  132  11:01  Command Center  
  132  11:02  Barracks  
  134  11:06  Widow Mine  
  134  11:08  Barracks  
  134  11:10  Marine  
  134  11:19  Terran Infantry Armor Level 2  
  134  11:20  Terran Vehicle And Ship Armor Level 1  
  134  11:21  Marine x4  
  134  11:22  Marine  
  134  11:24  Missile Turret  
  134  11:27  Widow Mine  
  134  11:29  Missile Turret  
  134  11:32  Marine  
  129  11:33  Marine x3  
  129  11:38  Missile Turret  
  129  11:39  Marine  
  133  11:40  SCV x2  
  131  11:47  Marine x4, SCV  
  131  11:49  Marine, Widow Mine  
  131  11:51  Marauder  
  131  11:52  SCV x2  
  131  11:54  Marine  
  135  12:03  Marine  
  135  12:04  Marine  
  135  12:05  Widow Mine x2  
  134  12:13  Marauder  
  134  12:15  Thor, Marine  
  142  12:19  SCV  
  142  12:20  SCV  
  142  12:22  SCV  
  140  12:24  Medivac  
  140  12:26  Widow Mine  
  144  12:31  SCV  
  144  12:32  SCV  
  144  12:34  Marauder, SCV  
  144  12:35  Refinery  
  149  12:48  Supply Depot x2, Widow Mine x2, SCV  
  149  12:50  SCV x2  
  156  12:56  Marauder  
  156  12:58  Thor  
  154  13:01  Marine  
  149  13:09  Widow Mine  
  149  13:15  SCV  
  149  13:17  Planetary Fortress, Marauder  
  149  13:18  Missile Turret  
  150  13:23  Marine  
  148  13:27  Marine x6  
  148  13:30  Marine  
  146  13:38  Command Center, Marauder  
  146  13:40  Thor  
  153  13:41  Marine  
  153  13:43  Sensor Tower  
  153  13:45  Marine x3  
  151  13:48  Terran Infantry Weapons Level 2  
  151  13:50  SCV x3  
  151  13:51  Engineering Bay  
  151  13:55  Widow Mine x2  
  156  14:00  Marauder  
  156  14:02  SCV x3  
  159  14:04  Missile Turret  
  159  14:05  Sensor Tower  
  159  14:10  SCV  
  159  14:14  SCV x3  
  159  14:15  Supply Depot  
  163  14:19  Terran Infantry Armor Level 3  
  163  14:22  Missile Turret  
  163  14:23  SCV  
  164  14:32  SCV x2  
  164  14:33  SCV  
  164  14:34  Supply Depot, Widow Mine  
  164  14:36  SCV  
  164  14:37  Marauder  
  165  14:40  Supply Depot  
  165  14:44  SCV x2  
  165  14:45  SCV  
  167  14:52  SCV  
  168  14:54  Marine x8  
  168  14:56  SCV x2  
  168  14:57  SCV  
  175  15:08  SCV  
  175  15:11  SCV x2  
  175  15:12  Marine x4, Widow Mine  
  175  15:13  Missile Turret  
  159  15:20  Marine, Command Center, SCV  
  156  15:23  SCV x2  
  156  15:25  Widow Mine  
  156  15:27  Planetary Fortress  
  160  15:32  SCV  
  160  15:33  Marine  
  163  15:35  SCV  
  163  15:38  SCV  
  164  15:43  Missile Turret  
  164  15:44  SCV  
  164  15:47  Sensor Tower, SCV  
  166  15:51  SCV  
  166  15:56  SCV  
  168  15:59  SCV  
  168  16:03  SCV  
  168  16:04  Marine, Marauder  
  171  16:05  Missile Turret  
  174  16:14  Marine  
  174  16:16  Marine  
  150  16:26  Marauder  
  150  16:29  Command Center  
  153  16:37  SCV x2  
  151  16:47  Marauder  
  151  16:49  SCV x2  
  151  16:53  Supply Depot  
  153  16:57  Orbital Command  
  153  17:01  SCV x2  
  155  17:08  Marauder, Widow Mine x3  
  163  17:13  SCV x2  
  165  17:16  Marine  
  166  17:23  SCV  
  166  17:25  SCV x2  
  171  17:30  Marauder  
  171  17:35  SCV  
  172  17:37  SCV  
  172  17:38  SCV  
  172  17:39  Marine  
  156  17:46  Marine  
  156  17:49  SCV  
  150  17:51  Marauder  
  150  17:57  SCV x2  
  144  17:59  Marine  
  144  18:05  Marine  
  140  18:11  SCV x3  
Show
View Real Time Build Order
Export as new Build Order

GOReynor Zerg - Winner!

Build Orders: Pool First 

Get SALT Encoding   

  12  0:00  Drone  
  13  0:13  Drone  
  14  0:17  Overlord  
  14  0:25  Drone, Extractor  
  15  0:36  Drone  
  15  0:37  Extractor  
  15  0:39  Drone  
  16  0:47  Spawning Pool  
  15  0:51  Drone  
  16  0:58  Drone  
  17  1:09  Drone  
  18  1:23  Hatchery  
  17  1:34  Zergling x4  
  17  1:38  Metabolic Boost  
  19  1:42  Zergling x2  
  20  1:51  Queen  
  22  1:59  Overlord  
  22  2:04  Zergling x2, Extractor  
  23  2:18  Zergling x2  
  24  2:23  Zergling x2  
  24  2:27  Queen  
  27  2:33  Zergling x2  
  27  2:35  Drone  
  29  2:43  Drone  
  30  2:46  Drone  
  31  2:55  Overlord  
  30  3:00  Drone x4  
  34  3:08  Zergling x2  
  34  3:09  Zergling x2  
  33  3:20  Drone x2  
  34  3:27  Drone  
  34  3:28  Drone  
  34  3:33  Queen  
  37  3:42  Drone x2  
  37  3:45  Hatchery  
  38  3:48  Drone  
  38  3:49  Drone  
  40  3:57  Overlord  
  42  4:02  Drone x2  
  42  4:03  Lair  
  42  4:04  Drone  
  43  4:14  Queen  
  43  4:17  Drone x2  
  46  4:18  Zergling x4  
  46  4:20  Zergling x2  
  46  4:23  Zergling x2  
  51  4:29  Overlord  
  51  4:38  Overlord  
  51  4:42  Overlord  
  51  4:46  Overlord  
  51  4:49  Drone  
  51  4:50  Zergling x8  
  56  4:53  Queen  
  56  4:58  Zergling x4  
  60  5:03  Nydus Network  
  60  5:06  Drone x3  
  62  5:13  Zergling x4  
  57  5:18  Zergling x4  
  57  5:21  Zergling x2  
  55  5:23  Zergling x2  
  54  5:28  Zergling x2  
  54  5:33  Zergling x4  
  54  5:34  Zergling x2  
  56  5:40  Nydus Canal  
  56  5:42  Zergling x6  
  57  5:43  Zergling x2  
  58  5:50  Zergling x6  
  58  5:52  Zergling x2  
  58  5:55  Nydus Canal, Zergling x2  
  58  5:56  Zergling x2  
  64  6:02  Zergling x2  
  64  6:05  Drone x2, Queen  
  64  6:08  Drone x2  
  64  6:10  Zergling x2  
  69  6:19  Drone x2  
  69  6:21  Evolution Chamber  
  69  6:23  Queen  
  69  6:24  Drone  
  73  6:26  Drone  
  73  6:28  Overlord  
  73  6:30  Drone  
  75  6:39  Drone x3, Nydus Canal  
  76  6:43  Queen  
  76  6:45  Drone  
  79  6:50  Drone x2  
  81  7:01  Overlord  
  81  7:03  Drone x2  
  81  7:05  Zerg Ground Armor Level 1  
  81  7:07  Drone  
  84  7:08  Extractor  
  84  7:09  Baneling Nest  
  84  7:10  Extractor  
  84  7:12  Drone x2  
  79  7:17  Drone  
  79  7:19  Overlord  
  79  7:20  Drone  
  79  7:21  Queen x2  
  75  7:28  Drone  
  76  7:34  Drone x2, Evolution Chamber, Extractor  
  76  7:37  Zergling x6  
  76  7:43  Drone x3  
  82  7:51  Hatchery, Zergling x2  
  82  7:54  Nydus Canal  
  82  7:55  Zergling x4  
  82  7:56  Zergling x4  
  82  7:57  Drone  
  87  8:01  Queen  
  87  8:03  Centrifical Hooks  
  87  8:05  Drone x3  
  92  8:08  Extractor  
  92  8:10  Overlord  
  92  8:12  Zergling x10  
  96  8:15  Zergling x2  
  97  8:21  Overlord  
  97  8:23  Drone  
  97  8:24  Zerg Melee Weapons Level 1  
  97  8:25  Drone  
  99  8:29  Overlord  
  99  8:31  Drone x3  
  99  8:34  Zergling x4, Extractor  
  100  8:35  Zergling x4  
  100  8:38  Zergling x2  
  105  8:41  Zergling x2  
  105  8:43  Drone  
  105  8:48  Drone  
  108  8:51  Spire  
  108  8:53  Baneling x4  
  108  8:54  Baneling x4  
  108  8:55  Zergling x4  
  109  8:57  Baneling  
  109  8:59  Zergling x8  
  109  9:00  Baneling x2  
  109  9:01  Baneling  
  113  9:03  Zergling x8  
  113  9:04  Zergling x4  
  113  9:07  Overlord  
  119  9:12  Drone x2  
  119  9:15  Nydus Canal  
  118  9:17  Drone x2  
  118  9:23  Zerg Ground Armor Level 2  
  118  9:24  Drone x2  
  122  9:29  Overlord  
  122  9:33  Drone x2  
  122  9:37  Drone x8  
  129  9:41  Extractor  
  129  9:43  Drone  
  126  9:45  Extractor  
  126  9:47  Overlord  
  126  9:48  Drone x2  
  126  9:51  Drone x3  
  122  10:05  Zergling x18  
  122  10:06  Hatchery  
  130  10:14  Drone  
  130  10:22  Mutalisk x8  
  130  10:28  Mutalisk x3  
  146  10:30  Overlord  
  146  10:35  Zerg Melee Weapons Level 2  
  152  10:44  Zerg Flyer Weapons Level 1  
  152  10:45  Drone, Pneumatized Carapace  
  152  10:46  Drone x7  
  152  10:47  Baneling x4  
  152  10:48  Overlord  
  160  11:04  Infestation Pit  
  159  11:09  Drone x3  
  160  11:11  Mutalisk x4  
  160  11:14  Zergling x4  
  160  11:15  Zergling x16  
  173  11:33  Nydus Canal  
  173  11:41  Overlord  
  173  11:43  Mutalisk x5  
  173  11:46  Zergling x2  
  182  11:51  Overlord  
  179  11:59  Zergling x2  
  179  12:00  Zergling x32  
  172  12:02  Zergling x6  
  172  12:05  Nydus Canal  
  165  12:10  Hive  
  165  12:11  Mutalisk x4  
  165  12:15  Zergling x2  
  172  12:17  Queen  
  172  12:22  Drone x2, Baneling x9  
  176  12:23  Drone x2  
  176  12:24  Extractor  
  175  12:33  Zergling x2  
  175  12:34  Zergling x8  
  180  12:37  Hatchery  
  180  12:39  Extractor  
  180  12:40  Overseer x2  
  180  12:42  Zergling x8  
  180  12:43  Baneling x12  
  182  12:47  Drone  
  182  12:50  Zergling x6  
  186  12:54  Zergling x2  
  186  12:55  Zergling x8  
  191  13:03  Baneling x10  
  191  13:04  Overlord  
  191  13:14  Nydus Canal  
  191  13:15  Overlord  
  191  13:20  Baneling x11  
  191  13:26  Zerg Ground Armor Level 3  
  191  13:27  Nydus Canal  
  191  13:30  Overlord, Zergling x2  
  191  13:31  Zergling x12  
  192  13:41  Nydus Canal  
  192  13:43  Zergling x18  
  188  13:51  Ultralisk Cavern  
  188  13:52  Drone x3  
  188  13:53  Drone x4  
  188  13:54  Drone  
  193  13:57  Zergling x2  
  193  13:58  Zergling x12  
  198  14:06  Zerg Melee Weapons Level 3  
  198  14:09  Burrow  
  198  14:25  Zergling x2  
  198  14:29  Pathogen Glands  
  198  14:30  Greater Spire  
  199  14:31  Hatchery, Nydus Canal  
  198  14:42  Baneling x5, Nydus Canal  
  198  14:43  Baneling x4  
  198  14:55  Nydus Canal  
  194  15:02  Zergling x22  
  169  15:14  Ultralisk x5  
  169  15:18  Nydus Canal  
  169  15:21  Chitinous Plating  
  199  15:24  Baneling  
  199  15:25  Baneling x16  
  199  15:34  Overseer  
  199  15:38  Nydus Canal  
  199  15:41  Overseer x2  
  199  15:50  Extractor x2  
  199  15:51  Spine Crawler  
  199  15:52  Spore Crawler, Nydus Canal  
  199  15:54  Zergling x8  
  199  15:56  Baneling x6  
  197  16:10  Zergling x6  
  184  16:19  Nydus Canal  
  184  16:21  Ultralisk x3, Zergling x22  
  197  16:49  Baneling x9  
  197  16:50  Baneling x11  
  197  16:51  Nydus Canal  
  197  16:54  Baneling  
  197  16:55  Baneling x10  
  197  16:56  Anabolic Synthesis  
  197  17:01  Zergling x6  
  200  17:34  Extractor  
  188  17:46  Ultralisk, Zergling x10  
  188  17:47  Nydus Canal  
  196  18:03  Nydus Canal  
  196  18:06  Zergling x8  
  185  18:17  Nydus Canal  
Tags
 
Add a new tag
Caveats
  • Supply blocks, unpowered buildings, or Contaminate may cause inaccurate times.
  • Supply counts are checked every 10 seconds.